 Dungeon Crawl Stone Soup version 0.32-a0-705-g60f233581c (webtiles) character file.

Game seed: 17958464064980339396

43 funkygono the Firebug (level 3, -1/19 HPs)
             Began as a Gargoyle Fire Elementalist on Mar 14, 2024.
             Slain by Terence
             ... wielding a +0 mace
              (3 damage)
             ... on level 3 of the Dungeon.
             The game lasted 00:02:02 (2163 turns).

funkygono the Firebug (Gargoyle Fire Elementalist)  Turns: 2163, Time: 00:02:04

Health: -1/19      AC:  5    Str: 11    XL:     3   Next: 58%
Magic:  0/6        EV: 11    Int: 17    God:
Gold:   48         SH:  0    Dex: 10    Spells: 3/6 levels left

rFire   . . .        m - +3 whip
rCold   . . .        (no shield)
rNeg    + . .        a - +0 robe
rPois   ∞            (no helmet)
rElec   +            (no cloak)
rCorr   .            (no gloves)
SInv    .            (no boots)
Will    .....        (no amulet)
Stlth   ++           (no ring)
HPRegen 0.23/turn    (no ring)
MPRegen 0.10/turn

%: no passive effects
@: no status effects
A: sickness immunity, AC +3, negative energy resistance 1, electricity
resistance, torment resistance 1, petrification resistance
a: no special abilities


You were on level 3 of the Dungeon.
You visited 1 branch of the dungeon, and saw 3 of its levels.

You collected 48 gold pieces.

Inventory:

Hand Weapons
 m - a +3 whip (weapon)
Armour
 a - a +0 robe (worn)
Scrolls
 c - a scroll of noise {unknown}
 d - 3 scrolls of identify {unknown}
 e - 2 scrolls of teleportation {unknown}
 f - a scroll of silence {unknown}
 g - 2 scrolls of blinking {unknown}
 h - a scroll of immolation {unknown}
 k - a scroll of poison {unknown}
 l - a scroll of fear {unknown}
Potions
 b - a potion of magic
 i - 2 potions of heal wounds {unknown}
 j - a potion of degeneration {unknown}
 n - a potion of enlightenment {unknown}


   Skills:
 + Level 0.4 Maces & Flails
 + Level 1.7 Dodging
 + Level 2.7 Stealth
 + Level 2.4 Spellcasting
 + Level 1.4 Conjurations
 + Level 3.5 Fire Magic


You had 3 spell levels left.
You knew the following spells:

 Your Spells              Type           Power      Damage    Failure   Level
a - Foxfire               Conj/Fire      40%        2x1d6     7%          1
b - Scorch                Fire           28%        2d6       6%          2

Your spell library contained the following spells:

 Spells                   Type           Power      Damage    Failure   Level
 Inner Flame              Hex/Fire       8%         N/A       26%         3
 Volatile Blastmotes      Fire/Tloc      16%        2d11      26%         3
 Stone Arrow              Conj/Erth      8%         3d7       38%         3
 Flame Wave               Conj/Fire      10%        2d6       54%         4
 Animate Armour           Summ/Erth      4%         N/A       88%         4
 Summon Lightning Spire   Summ/Air       2%         N/A       88%         4
 Lee's Rapid Deconstruct  Erth           1%         3d4*      99%         5
 Malign Gateway           Summ/Tloc      1%         N/A       100%        7
 Lehudib's Crystal Spear  Conj/Erth      2%         10d2      100%        8
 Summon Horrible Things   Summ           1%         N/A       100%        8


Dungeon Overview and Level Annotations

Branches:
Dungeon (3/15)

Altars:

Annotations:
D:3 Terence


Innate Abilities, Weirdness & Mutations

You are immune to sickness and miasma.
Your stone body is resilient. (AC +3)
You are immune to poison.
You resist negative energy. (rN+)
You are resistant to electric shocks. (rElec)
You are resistant to unholy torment.
You are immune to petrification.


Message History

Casting: Foxfire (safe; 7% risk of failure)
Confirm with . or Enter, or press ? or * to list all spells.
You miscast Scorch.
You are very lightly contaminated with residual magic.
Nothing appears to happen.
The foxfire hits Terence.
Terence is moderately wounded.
Unknown command.
Casting: Scorch (safe; 6% risk of failure)
Confirm with . or Enter, or press ? or * to list all spells.
Flames lash Terence but do no damage.
Terence barely misses you.
Unknown command.
You hit Terence but do no damage.
Terence is moderately wounded.
Terence hits you but does no damage.
You hit Terence but do no damage.
Terence is moderately wounded.
Terence bares his teeth.
Terence closely misses you.
You hit Terence but do no damage.
Terence is moderately wounded.
Terence hits you with a +0 mace.
You hit Terence.
Terence is moderately wounded.
Terence barely misses you.
You hit Terence but do no damage.
Terence is moderately wounded.
Terence hits you with a +0 mace!
Your magical contamination has completely faded away.
Terence attacks as he pursues you! Terence hits you but does no damage.
Casting: Scorch (safe; 6% risk of failure)
Confirm with . or Enter, or press ? or * to list all spells.
You conjure some foxfire!
Terence hits you with a +0 mace.
* * * LOW HITPOINT WARNING * * *
The foxfire hits Terence but does no damage.
Terence is moderately wounded.
The foxfire hits Terence but does no damage.
Terence is moderately wounded.
Terence attacks as he pursues you! Terence hits you with a +0 mace.
You die...
Terence says, "That felt goooood."

.........# #.#..'.....#.......
.........####.########.#.######
..............).##.....#.....#.
.........##.###.##.#########.#.
.........##..##.##....[..†...#.
.......<>.....#..##############
.........##...§.#.#
###..#######..§.#.## #.#
#..@@...###.# #. #....#......#
# #.#.##.###### #...........#
.......##.####.# ..........<#
#.#....###.. .....#. #.##
#.#.... #.#


You could see Terence.

Vanquished Creatures
  An adder (D:2)
  A ribbon worm (D:2)
  5 ball pythons
  4 endoplasms (D:2)
  2 giant cockroaches
  3 goblins
  4 hobgoblins
  A quokka (D:2)
  3 bats
  2 kobolds (D:2)
26 creatures vanquished.

Vanquished Creatures (others)
  46 foxfires
46 creatures vanquished.

Grand Total: 72 creatures vanquished

Notes
Turn   | Place    | Note
-------+----------+-------------------------------------------
     0 | D:1      | funkygono the Gargoyle Fire Elementalist began the quest
                  | for the Orb.
     0 | D:1      | Reached XP level 1. HP: 10/10 MP: 3/3
   858 | D:1      | Reached XP level 2. HP: 15/15 MP: 3/5
   861 | D:1      | Learned a level 2 spell: Scorch
   900 | D:1      | Found a faded altar of an unknown god.
  1170 | D:2      | Reached XP level 3. HP: 17/19 MP: 2/6
  2148 | D:3      | Noticed Terence
  2163 | D:3      | Slain by Terence

Illustrated notes

Levels and vault maps discovered:
D:1:      dpeg_arrival_boxes_within_box, layout_basic,
          ebering_ecumenical_altar_hall
D:2:      layout_basic
D:3:      layout_loops_ring, grunt_ministairs_15, roderic_serpentine_path,
          minmay_quadrilaterals, uniq_terence

Action                     || total
---------------------------++-------
  Melee: Whip              ||    17
   Cast: Foxfire           ||    28
         Scorch            ||     8
   Stab: Sleeping          ||     2
 Armour: Robe              ||    11
  Dodge: Dodged            ||     9

Table legend: (Time is in decaauts)
 A = Elapsed time spent in this place.
 B = Non-inter-level travel time spent in this place.
 C = Inter-level travel time spent in this place.
 D = Time resting spent in this place.
 E = Time spent auto-exploring this place.
 F = Levels seen in this place.
 G = Mean time per level.
                   A        B        C        D        E       F      G
               +--------+--------+--------+--------+--------+-----+--------+
         Total |   2163 |   2099 |     64 |      0 |   1908 |   3 |  721.0 |
       Dungeon |   2163 |   2099 |     64 |      0 |   1908 |   3 |  721.0 |
               +--------+--------+--------+--------+--------+-----+--------+

Top non-repeatable levels by time:
     D:1: 970 daAuts
     D:2: 952 daAuts
     D:3: 240 daAuts
